 Dungeon Crawl Stone Soup version 0.29.0-11-gd7f09526c8 (webtiles) character file.

Game seed: 8724826042693514536

105 xian the Gusty (level 4, -2/41 HPs)
             Began as a Troll Air Elementalist on Sept 3, 2022.
             Was an Initiate of Gozag.
             Slain by Sigmund
             ... wielding a +0 scythe
              (5 damage)
             ... on level 3 of the Dungeon.
             The game lasted 00:07:07 (2800 turns).

xian the Gusty (Troll Air Elementalist)             Turns: 2800, Time: 00:07:07

Health: -2/41      AC:  4    Str: 18    XL:     4   Next: 53%
Magic:  1/5        EV: 10    Int: 11    God:    Gozag
Gold:   428        SH:  0    Dex: 10    Spells: 3/6 levels left

rFire   . . .      SeeInvis .     - Unarmed
rCold   + . .      Faith    .   (no shield)
rNeg    . . .      Spirit   .   a - +0 robe
rPois   .          Reflect  .   (helmet restricted)
rElec   .          Harm     .   (no cloak)
rCorr   .          Rampage  .   (gloves unavailable)
Will    .....                   (boots unavailable)
Stlth   +.........              (no amulet)
HPRegen 0.93/turn               i - ring of protection from cold
MPRegen 0.09/turn               (no ring)

@: lethally poisoned (-2 -> -4)
A: large, unfitting armour, claws 3, regeneration 1, shaggy fur 1, tough skin 1
a: Renounce Religion, Potion Petition, Call Merchant, Bribe Branch


You were on level 3 of the Dungeon.
You worshipped Gozag.
Gozag was aware of your devotion.
You visited 1 branch of the dungeon, and saw 3 of its levels.

You collected 428 gold pieces.

Inventory:

Missiles
 f - 3 curare-tipped darts (quivered)
Armour
 a - a +0 robe (worn)
Jewellery
 i - a ring of protection from cold (left claw)
 k - an amulet of regeneration
Scrolls
 c - a scroll of enchant weapon
 d - 2 scrolls of vulnerability {unknown}
 e - a scroll of amnesia {unknown}
 h - a scroll of blinking {unknown}
 j - a scroll of magic mapping
 o - 2 scrolls of teleportation {unknown}
Potions
 b - a potion of magic
 g - 3 potions of mutation
 l - a potion of curing {unknown}
 m - a potion of lignification


   Skills:
 * Level 1.0 Fighting
 + Level 2.0 Dodging
 - Level 1.0 Stealth
 + Level 1.3 Unarmed Combat
 * Level 1.9 Spellcasting
 + Level 1.0 Conjurations
 + Level 2.4 Air Magic


You had 3 spell levels left.
You knew the following spells:

 Your Spells              Type           Power      Damage    Failure   Level
a - Shock                 Conj/Air       16%        1d4       14%         1
b - Static Discharge      Conj/Air       4%         3-4/arc   22%         2

Your spell library contained the following spells:

 Spells                   Type           Power      Damage    Failure   Level
 Swiftness                Air            6%         N/A       32%         3
 Airstrike                Air            3%         2d(1-17)  71%         4


Dungeon Overview and Level Annotations

Branches:
Dungeon (3/15)

Altars:
Gozag
Okawaru

Annotations:
D:3 Sigmund


Innate Abilities, Weirdness & Mutations

You are too large for most types of armour.
You have claws for hands.
Your natural rate of healing is unusually fast.
You are covered in fur. (AC +1)
You have tough skin. (AC +1)


Message History

You throw a javelin. The javelin barely misses the adder.
You feel sick.
You are no longer poisoned.
The adder bites you. The adder barely misses you. Something hits you.
Your magical contamination has completely faded away.
Okay, then.
You are too injured to fight recklessly!
Throw: 5 darts (curare)
Press: ? - help, Q - select action, (/) - cycle Shift-Dir - straight line, f/p - adder
Aim: an adder (severely wounded, 32% to hit)
You throw a curare-tipped dart.
The curare-tipped dart barely misses the adder.
The adder bites you but does no damage.
Throw: 4 darts (curare)
Press: ? - help, Q - select action, (/) - cycle Shift-Dir - straight line, f/p - adder
Aim: an adder (severely wounded, 32% to hit)
You throw a curare-tipped dart.
The curare-tipped dart completely misses the adder.
The adder bites you.
You are poisoned.
The adder poisons you! Something hits you but does no damage.
The adder bites you.
* * * LOW HITPOINT WARNING * * *
You are more poisoned.
The adder poisons you!
You closely miss the adder.
The adder is severely wounded.
You feel very sick. The adder bites you.
* * * LOW HITPOINT WARNING * * *
Unknown command.
You barely miss the adder.
The adder is severely wounded.
* * * LOW HITPOINT WARNING * * *
You feel very sick. The adder barely misses you.
You scratch the adder.
The adder is almost dead.
You feel sick. The adder bites you but does no damage. Something hits you.
You die...
Your body crumbles into a pile of gold.

#.......[.....
#...(.........
#.............
#........[....
####>.........
###########.######...
#..........{# ..
#..........S# .
#..........@#
#.....)....##
#######'####
############.#
.............#
.############# )# .#
.#


You could see an adder.

Vanquished Creatures
  4 adders (D:2)
  A worm (D:2)
  2 dart slugs
  7 bats
  7 endoplasms
  9 giant cockroaches
  4 hobgoblins
  3 quokkas
  3 ball pythons
  A frilled lizard (D:2)
  4 goblins
  6 kobolds
  3 rats
54 creatures vanquished.

Vanquished Creatures (others)
  5 plants (D:1)
  3 withered plants (D:1)
8 creatures vanquished.

Grand Total: 62 creatures vanquished

Notes
Turn   | Place    | Note
-------+----------+-------------------------------------------
     0 | D:1      | xian the Troll Air Elementalist began the quest for the
                  | Orb.
     0 | D:1      | Reached XP level 1. HP: 16/16 MP: 1/1
   144 | D:1      | Found a faded altar of an unknown god.
   213 | D:1      | Prayed at the altar of an unknown god.
   213 | D:1      | Became a worshipper of Gozag Ym Sagoz the Greedy
   288 | D:1      | Reached XP level 2. HP: 24/24 MP: 3/3
   807 | D:1      | Reached XP level 3. HP: 31/31 MP: 4/4
  1566 | D:2      | Learned a level 2 spell: Static Discharge
  1570 | D:2      | Reached skill level 1 in Unarmed Combat
  1731 | D:2      | Reached XP level 4. HP: 40/40 MP: 3/5
  1866 | D:2      | Found an iron altar of Okawaru.
  1876 | D:2      | Reached skill level 1 in Conjurations
  2599 | D:2      | Reached skill level 1 in Fighting
  2780 | D:3      | Noticed Sigmund
  2800 | D:3      | Slain by Sigmund

Illustrated notes

Levels and vault maps discovered:
D:1:      saegor_arrival_simple_a, layout_loops_ring,
          shapermc_ecumenical_altar_flowoftime, minmay_worlds_worst_comb
D:2:      layout_basic, basic_altar
D:3:      layout_basic, serial_shops, shop, shop, uniq_ijyb, uniq_sigmund

Skill      XL: |  1  2  3  4 |
---------------+-------------+-----
Dodging        | 2 |  2.0
Unarmed Combat | 1 |  1.3
Conjurations   | 1 |  1.0
Fighting       | 1 |  1.0
Stealth        | |  1.0
Spellcasting   | |  1.9
Air Magic      | |  2.4

Action                   |  1- 3 |  4- 6 || total
-------------------------+-------+-------++-------
Melee: Unarmed           |   128 |     8 ||   136
Throw: Javelin           |       |     9 ||     9
       Dart              |       |     4 ||     4
 Cast: Shock             |    56 |    22 ||    78
  Use: Scroll            |       |     4 ||     4
Armor: Robe              |    73 |    10 ||    83
Dodge: Dodged            |    97 |     9 ||   106
